 Dungeon Crawl Stone Soup version 0.23.2-1-ga50397a (webtiles) character file.

Game seed: 10615984425992462153

385 funkygono the Chiller (level 6, -8/42 HPs)
             Began as a Demonspawn Ice Elementalist on May 9, 2019.
             Mangled by Menkaure (20 damage)
             ... on level 5 of the Dungeon on May 10, 2019.
             The game lasted 00:12:38 (4450 turns).

funkygono the Chiller (Demonspawn Ice Elementalist) Turns: 4450, Time: 00:12:39

Health: -8/42      AC:  6    Str:  9    XL:     6   Next: 48%
Magic:  6/11       EV: 13    Int: 18    God:
Gold:   299        SH:  0    Dex: 13    Spells: 6/12 levels left

rFire    + . .     SeeInvis .   l - +4 whip (drain)
rCold    + . .     Gourm    .   (no shield)
rNeg     . . .     Faith    .   a - +2 robe
rPois    .         Spirit   .   w - +1 helmet
rElec    .         Reflect  .   p - scarf {rC+ rF+}
rCorr    .         Harm     .   (no gloves)
MR       .....                  (no boots)
Stlth    ++........             n - amulet of rage
HPRegen  0.14/turn              e - +1 ring of slaying
MPRegen  0.12/turn              (no ring)

@: very slightly contaminated
A: claws 1, hooves 1, powered by death 2
a: Evoke Berserk Rage


You were on level 5 of the Dungeon.
You were not hungry.

You visited 1 branch of the dungeon, and saw 5 of its levels.

You collected 299 gold pieces.

Inventory:

Hand Weapons
 g - a +0 whip
 l - a +4 whip of draining (weapon)
Armour
 a - a +2 robe (worn)
 p - a scarf of resistance (worn)
 s - a +0 leather armour
 w - a +1 helmet (worn)
Jewellery
 e - a +1 ring of slaying (left claw)
 n - an amulet of rage (around neck)
Wands
 i - a wand of disintegration (9)
Scrolls
 b - 2 scrolls of blinking
 q - a scroll of amnesia
 r - a scroll of fog
Potions
 d - a potion of lignification
 f - a potion of invisibility
 h - a potion of ambrosia
 j - a potion of haste {unknown}
 k - a potion of experience
 m - 2 potions of resistance
 o - 3 potions of curing
Comestibles
 c - 7 rations


   Skills:
 + Level 0.4 Fighting
 + Level 1.6 Maces & Flails
 + Level 2.4 Dodging
 + Level 2.1 Stealth
 + Level 3.9 Spellcasting
 + Level 1.5 Conjurations
 + Level 4.7 Ice Magic


You had 6 spell levels left.
You knew the following spells:

 Your Spells              Type           Power        Failure   Level  Hunger
a - Freeze                Ice            ###.         2%          1    None
b - Throw Frost           Conj/Ice       ##....       6%          2    ##.....
c - Ozocubu's Armour      Chrm/Ice       ##......     17%         3    ###....

Your spell library contained the following spells:

 Spells                   Type           Power        Failure   Level  Hunger
 Throw Icicle             Conj/Ice       ##......     38%         4    ####...
 Summon Ice Beast         Ice/Summ       ##......     50%         4    ####...


Dungeon Overview and Level Annotations

Branches:
Dungeon (5/15)
 Temple: D:4-7

Altars:
Fedhas
Gozag
Nemelex Xobeh
Okawaru
Wu Jian
The Shining One

Annotations:
D:3 1 transporter
D:5 Menkaure


Innate Abilities, Weirdness & Mutations

You have sharp fingernails.
You have large cloven feet.
You regenerate health from kills.


Message History

Menkaure is lightly damaged.
Casting: Freeze (safe; 2% risk of failure)
Confirm with . or Enter, or press ? or * to list all spells.
Aiming: Freeze (safe; 2% risk of failure)
Press: ? - help, Shift-Dir - straight line, f/p - Menkaure
Aim: Menkaure (lightly damaged) Menkaure resists.
You freeze Menkaure.
Menkaure is moderately damaged.
Menkaure calls on the powers of darkness!
Your body is wracked with pain!
* * * LOW HITPOINT WARNING * * *
Casting: Freeze (safe; 2% risk of failure)
Confirm with . or Enter, or press ? or * to list all spells.
Aiming: Freeze (safe; 2% risk of failure)
Press: ? - help, Shift-Dir - straight line, f/p - Menkaure
Aim: Menkaure (moderately damaged) Menkaure resists.
You freeze Menkaure.
Menkaure is heavily damaged.
Menkaure hits you!!
You die...

#.....
####....
##.....
#....# ..
#<.##....
#......#
##.#......
#..###....
#.@# #..
#.M.# #
#.....
#.....#
##.....<
..(####.
...# .
..#$


You could see Menkaure.

Vanquished Creatures
  2 howler monkeys (D:4)
  An orc priest (D:4)
  2 orc wizards
  An iguana (D:4)
  3 worker ants (D:4)
  3 gnolls (D:4)
  3 adders
  3 worms
  A dart slug (D:3)
  4 leopard geckos
  7 orcs
  3 giant cockroaches
  4 goblins
  3 hobgoblins
  2 quokkas
  5 ball pythons
  4 bats
  2 frilled lizards
  7 kobolds
  6 rats
66 creatures vanquished.

Notes
Turn   | Place    | Note
-------+----------+-------------------------------------------
     0 | D:1      | funkygono the Demonspawn Ice Elementalist began the quest
                  | for the Orb.
     0 | D:1      | Reached XP level 1. HP: 13/13 MP: 3/3
   265 | D:1      | Reached skill level 3 in Ice Magic
   450 | D:1      | Gained mutation: You have sharp fingernails. [demonic
                  | ancestry]
   450 | D:1      | Reached XP level 2. HP: 17/19 MP: 1/5
   789 | D:1      | Learned a level 2 spell: Throw Frost
  1124 | D:2      | Found a blossoming altar of Fedhas.
  1151 | D:2      | Reached XP level 3. HP: 10/24 MP: 0/6
  1560 | D:2      | Found an ornate altar of the Wu Jian Council.
  1586 | D:2      | Learned a level 3 spell: Ozocubu's Armour
  2411 | D:3      | Found an opulent altar of Gozag.
  2623 | D:3      | Gained mutation: You have large cloven feet. [demonic
                  | ancestry]
  2623 | D:3      | Reached XP level 4. HP: 30/30 MP: 2/8
  3078 | D:3      | Found a sparkling altar of Nemelex Xobeh.
  3078 | D:3      | Found a transporter.
  3078 | D:3      | Noticed an ice beast
  3079 | D:3      | Noticed a sky beast
  3416 | D:4      | Gained mutation: You regenerate a little health from kills.
                  | [demonic ancestry]
  3416 | D:4      | Reached XP level 5. HP: 35/35 MP: 3/9
  3479 | D:4      | Reached skill level 1 in Maces & Flails
  3561 | D:4      | Found an iron altar of Okawaru.
  3574 | D:4      | Found a glowing golden altar of the Shining One.
  3778 | D:4      | Reached skill level 4 in Ice Magic
  3926 | D:4      | Found a sparkling altar of Nemelex Xobeh.
  3998 | D:4      | Gained mutation: You regenerate health from kills. [demonic
                  | ancestry]
  3998 | D:4      | Reached XP level 6. HP: 39/41 MP: 0/11
  4442 | D:5      | Entered Level 5 of the Dungeon
  4442 | D:5      | Noticed Menkaure
  4450 | D:5      | Mangled by Menkaure

Skill      XL: |  1  2  3  4  5 |
---------------+----------------+-----
Ice Magic      | 3 4 |  4.7
Dodging        | 2 |  2.4
Stealth        | 2 |  2.1
Spellcasting   | 3 |  3.9
Maces & Flails | 1 |  1.6
Fighting       | |  0.4
Conjurations   | |  1.5

Action                   |  1- 3 |  4- 6 || total
-------------------------+-------+-------++-------
Melee: Whip              |    18 |    49 ||    67
       Kick              |       |    10 ||    10
 Cast: Freeze            |    40 |    20 ||    60
       Throw Frost       |    28 |    29 ||    57
       Ozocubu's Armour  |       |     1 ||     1
  Use: Scroll            |    10 |     7 ||    17
  Eat: Chunk             |     4 |     7 ||    11
       Ration            |     1 |       ||     1
Armor: Robe              |     9 |     6 ||    15
Dodge: Dodged            |    23 |    36 ||    59
